 Dungeon Crawl Stone Soup version 0.27-a0-421-g7ddf969dea (webtiles) character file.

Game seed: 16612601918706928819

4 Anon1729 the Insei (level 1, 0/16 HPs)
             Began as an Octopode Chaos Knight on Feb 26, 2021.
             Was a Plaything of Xom.
             Slain by a ball python (1 damage)
             ... on level 1 of the Dungeon.
             The game lasted 00:00:20 (47 turns).

Anon1729 the Insei (Octopode Chaos Knight)            Turns: 47, Time: 00:00:21

Health: 0/16       AC:  1    Str: 11    XL:     1   Next: 70%
Magic:  1/1        EV: 10    Int: 14    God:    Xom [..*...]
Gold:   0          SH:  0    Dex: 11    Spells: 0/0 levels left

rFire    . . .     SeeInvis .     - Unarmed
rCold    . . .     Faith    .   (no shield)
rNeg     . . .     Spirit   .   (helmet restricted)
rPois    .         Reflect  .   (no amulet)
rElec    .         Harm     .   (no ring)
rCorr    .         Rampage  .   (no ring)
Will     .....                  (no ring)
Stlth    ++........             (no ring)
HPRegen  0.05/turn              (no ring)
MPRegen  0.07/turn              (no ring)
                                (no ring)
                                (no ring)

@: constricted
A: almost no armour, stealthy swim, amphibious, 8 rings, constrict 8, camouflage
1, gelatinous body 1
a: Renounce Religion


You were on level 1 of the Dungeon.
You worshipped Xom.
You were a toy of Xom.
You visited 1 branch of the dungeon, and saw 1 of its levels.

Inventory:

Potions
 a - a potion of ambrosia {unknown}


   Skills:
 + Level 3.1 Fighting
 + Level 2.4 Dodging
 + Level 3.1 Unarmed Combat


You couldn't memorise any spells.
You didn't know any spells.
Your spell library was empty.

Dungeon Overview and Level Annotations

Branches:
Dungeon (1/15)

Altars:


Innate Abilities, Weirdness & Mutations

You cannot wear most types of armour.
You are very stealthy in the water. (Stealth+)
You are amphibious.
You can wear up to eight rings at the same time.
You can use your tentacles to constrict eight enemies at once.
Your skin changes colour to match your surroundings (Stealth+).
Your rubbery body absorbs attacks. (AC +1, EV +1)


Message History

The hobgoblin closely misses you.
You completely miss the hobgoblin. You grab the hobgoblin.
Your squeeze misses the hobgoblin.
The hobgoblin is heavily wounded.
You constrict the hobgoblin, but do no damage.
A hobgoblin comes into view. It is wielding a +0 club.
The hobgoblin barely misses you.
The hobgoblin shouts!
You tentacle-slap the hobgoblin.
You kill the hobgoblin!
You hear an angry hiss.
You see here a +0 club.
You tentacle-slap the hobgoblin. You grab the hobgoblin.
You squeeze the hobgoblin.
The hobgoblin is severely wounded.
You constrict the hobgoblin. The hobgoblin hits you with a +0 club.
* * * LOW HITPOINT WARNING * * *
You tentacle-slap the hobgoblin.
You kill the hobgoblin!
A ball python comes into view.
You see here a +0 club. "How about this?"
You do an impromptu tapdance.
There is a staircase leading out of the dungeon here.
Found a leather armour.
The ball python closely misses you. x2
You closely miss the ball python. Your grab misses the ball python.
The ball python bites you but does no damage.
The ball python grabs you.
* * * LOW HITPOINT WARNING * * *
The ball python constricts you.
You tentacle-slap the ball python but do no damage.
Your grab misses the ball python. The ball python bites you.
* * * LOW HITPOINT WARNING * * *
x2 The ball python constricts you.
You escape the ball python's grasp.
You barely miss the ball python. Your grab misses the ball python.
The ball python closely misses you. The ball python grabs you.
You die...
Xom yawns loudly!

## #......# ##≈#
##≈##+###
.#≈P≈#####≈♣≈#.#
.≈P⌠P≈≈≈≈≈♣⌠♣≈.#
..≈P.......♣≈..#
...≈...<...≈...#
..≈♣.......♣≈..#
♣⌠♣≈≈≈S≈♣⌠♣≈.#
.≈♣≈...@#≈♣≈....
#..≈..##.>#≈..#..
##...# #.....##.(
#### #.......
##....... [......
....... .......


You could see a ball python.

Vanquished Creatures
  A giant cockroach (D:1)
  2 hobgoblins (D:1)
  A frilled lizard (D:1)
4 creatures vanquished.

Notes
Turn   | Place    | Note
-------+----------+-------------------------------------------
     0 | D:1      | Anon1729 the Octopode Chaos Knight began the quest for the
                  | Orb.
     0 | D:1      | Reached XP level 1. HP: 16/16 MP: 1/1
    18 | D:1      | Xom revived you
    35 | D:1      | XOM: silly message
    47 | D:1      | Slain by a ball python

Illustrated notes

Levels and vault maps discovered:
D:1:      ldierk_water_garden, layout_basic, minmay_quantized

Action                   || total
-------------------------++-------
Melee: Unarmed           ||    14
       Constrict         ||     3
       Tentacles         ||     3
Armor: Skin              ||     1
Dodge: Dodged            ||     9

Table legend: (Time is in decaauts)
 A = Elapsed time spent in this place.
 B = Non-inter-level travel time spent in this place.
 C = Inter-level travel time spent in this place.
 D = Time resting spent in this place.
 E = Time spent auto-exploring this place.
 F = Levels seen in this place.
 G = Mean time per level.
                   A        B        C        D        E       F      G
               +--------+--------+--------+--------+--------+-----+--------+
         Total |     46 |     46 |      0 |      0 |      8 |   1 |   46.0 |
       Dungeon |     46 |     46 |      0 |      0 |      8 |   1 |   46.0 |
               +--------+--------+--------+--------+--------+-----+--------+

Top non-repeatable levels by time:
     D:1: 46 daAuts
